 Dungeon Crawl Stone Soup version 0.23.2 (webtiles) character file.

Game seed: 14341361969866813476

5217 teukkam the Blocker (level 10, -1/90 HPs)
             Began as a Minotaur Fighter on Apr 11, 2019.
             Was an Elder of Nemelex Xobeh.
             Killed from afar by a molten gargoyle (5 damage)
             ... with a bolt of magma
             ... while petrified by you
             ... in a Gauntlet.
             The game lasted 00:25:56 (6136 turns).

teukkam the Blocker (Minotaur Fighter)              Turns: 6136, Time: 00:25:57

Health: -1/90      AC:  9    Str: 28    XL:     10   Next: 35%
Magic:  0/13       EV:  2    Int:  5    God:    Nemelex Xobeh [****..]
Gold:   350        SH:  0    Dex: 10    Spells: 9/9 levels left

rFire    . . .     SeeInvis .   a - +3 hand axe (drain)
rCold    . . .     Gourm    .   k - +3 shield
rNeg     + + +     Faith    .   E - +0 scale mail
rPois    ∞         Spirit   +   i - +1 hat
rElec    .         Reflect  .   t - scarf {Spirit}
rCorr    .         Harm     .   (no gloves)
MR       .....     NoTele   +   (no boots)
Stlth    ..........             q - amulet of regeneration
HPRegen  0.65/turn              M - ring of the Many Curses {Wiz Str+4}
MPRegen  0.13/turn              (no ring)

@: petrified
A: retaliatory headbutt, horns 2
a: Draw Escape, Draw Destruction, Draw Summoning, Triple Draw, Deal Four,
Renounce Religion


You were in a Gauntlet.
You worshipped Nemelex Xobeh.
Nemelex Xobeh was greatly pleased with you.
You were not hungry.

You visited 3 branches of the dungeon, and saw 10 of its levels.
You also visited: Gauntlet.

You collected 350 gold pieces.

Inventory:

Hand Weapons
 a - a +3 hand axe of draining (weapon)
 b - a +2 falchion of holy wrath
 c - a +4 scimitar of flaming
 l - a -1 mace
 m - a +0 war axe
 G - a +2 dagger of speed
 J - a cursed +0 quarterstaff
Missiles
 j - 82 sling bullets
 r - 182 stones
 z - 45 poisoned needles
 C - 9 tomahawks
 F - 5 needles of sleeping
 K - 4 javelins of penetration (quivered)
 N - 6 javelins
Armour
 i - a +1 hat (worn)
 k - a +3 shield (worn)
 t - a scarf of spirit shield (worn)
 E - a +0 scale mail (worn)
Magical Staves
 I - an uncursed staff of death
Jewellery
 q - an amulet of regeneration (around neck)
 L - an uncursed amulet of magic regeneration
 M - the ring of the Many Curses (left hand) {Wiz Str+4}
   (You found it in a Gauntlet)

   [ring of wizardry]

   It improves your spell success rate.
   It affects your strength (+4).
Wands
 s - a wand of digging (11)
 A - a wand of iceblast (11)
 O - a wand of paralysis (12)
Scrolls
 e - 2 scrolls of fog
 n - a scroll of remove curse
 u - a scroll of amnesia
 v - a scroll of teleportation
 x - a scroll of enchant armour
 y - a scroll of enchant weapon
 H - 2 scrolls of blinking
Potions
 d - 3 potions of might
 g - a potion of curing
 h - a potion of invisibility {unknown}
 o - a potion of agility {unknown}
 p - a potion of experience {unknown}
 w - 3 potions of haste
 B - a potion of mutation {unknown}
 D - a potion of degeneration {unknown}
Comestibles
 f - 8 rations


   Skills:
 + Level 8.8 Fighting
 + Level 5.6 Long Blades
 + Level 8.3 Axes
 + Level 2.8 Throwing
 - Level 8.0 Armour
 + Level 8.9 Shields
 + Level 5.8 Invocations


You had 9 spell levels left.
You didn't know any spells.
Your spell library contained the following spells:

 Spells                   Type           Power        Failure   Level  Hunger
 Sting                    Conj/Pois      #...         65%         1    ##.....
 Summon Small Mammal      Summ           #...         65%         1    ##.....
 Call Imp                 Summ           #.......     77%         2    ###....
 Poisonous Vapours        Pois/Air       #.....       77%         2    ###....
 Call Canine Familiar     Summ           #.......     93%         3    ####...
 Mephitic Cloud           Conj/Pois/Air  #.......     93%         3    ####...
 Summon Guardian Golem    Hex/Summ       #.......     93%         3    ####...
 Olgreb's Toxic Radiance  Pois           #.......     100%        4    #####..
 Summon Ice Beast         Ice/Summ       #.......     100%        4    #####..
 Summon Lightning Spire   Summ/Air       #.......     100%        4    #####..
 Venom Bolt               Conj/Pois      #.........   100%        5    ######.


Dungeon Overview and Level Annotations

Branches:
Dungeon (8/15)             Temple (1/1) D:4            Lair (1/6) D:8

Altars:
Ashenzari
Cheibriados
Dithmenos
Elyvilon
Fedhas
Gozag
Hepliaklqana
Kikubaaqudgha
Makhleb
Nemelex Xobeh
Okawaru
Qazlal
Ru
Sif Muna
Trog
Uskayaw
Wu Jian
Yredelemnul
The Shining One

Shops:
D:4 :

Annotations:
Gauntlet 3 transporters


Innate Abilities, Weirdness & Mutations

You reflexively headbutt those who attack you in melee.
You have a pair of horns on your head.


Message History

You are engulfed in calcifying dust.
The fungus is engulfed in calcifying dust.
The plant is engulfed in calcifying dust.
The molten gargoyle hits you with a +0 morningstar.
* * * LOW HITPOINT WARNING * * *
You are engulfed in flames!
* * * LOW HITPOINT WARNING * * *
You are engulfed in calcifying dust.
The plant is engulfed in calcifying dust.
The gargoyle hits you with a +0 flail!!
* * * LOW HITPOINT WARNING * * *
The molten gargoyle blasts magma at you!
The bolt of magma hits you!
* * * LOW HITPOINT WARNING * * *
The bolt of magma hits the plant!!
The plant is destroyed!
The molten gargoyle blasts magma at you!
The bolt of magma hits you!
You die...
Your body glows with a rainbow of weird colours and disappears.

..≈.............≈......
..≈8≈...........≈8≈.....
...≈.............≈......
##...###########...#####
.#...#.........#...#....
.#...#...P.P.P.#...#...#
######[.#..P#P.#####....
.#...#9†9P..PP.#...#.#..
.#©.©#©@P.©.P..#©.©#©.##
.#...#!....P.P.#...#.#..
.#####..#P..#P.#####....
.#...#..P..P.P.#...#...#
.#.8.#.§.......#.8.#....
##...###########...#####
........................
........................
#####################


You could see a molten gargoyle and a gargoyle.

Vanquished Creatures
  A catoblepas (Gauntlet)
  A spiny frog (Lair:1)
  A dream sheep (Lair:1)
  3 flying skulls (Gauntlet)
  A wyvern (D:8)
  2 sky beasts
  3 ogres
  A phantom (D:8)
  A black bear (D:7)
  3 centaurs
  2 crocodiles (Lair:1)
  3 bullfrogs
  2 scorpions (D:7)
  2 killer bees (D:8)
  A howler monkey (D:5)
  4 crimson imps
  A bullfrog zombie (D:6)
  4 centaur zombies
  6 hounds
  A jelly (D:5)
  3 orc wizards
  3 orc priests
  A bullfrog skeleton (D:4)
  An iron imp (D:8)
  2 worker ants
  15 adders
  6 gnolls
  A river rat (D:8)
  A shadow imp (D:6)
  An adder zombie (D:7)
  5 worms
  A dart slug (D:3)
  6 leopard geckos
  12 orcs
  4 bats
  6 giant cockroaches
  11 goblins
  6 hobgoblins
  11 jackals
  4 quokkas
  4 ball pythons
  3 frilled lizards
  5 kobolds
  6 rats
161 creatures vanquished.

Vanquished Creatures (others)
  Erica (D:8)
  A hornet (D:8)
  An ogre (D:8)
  3 fungi (Gauntlet)
  2 plants (Gauntlet)
8 creatures vanquished.

Grand Total: 169 creatures vanquished

Notes
Turn   | Place    | Note
-------+----------+-------------------------------------------
     0 | D:1      | teukkam the Minotaur Fighter began the quest for the Orb.
     0 | D:1      | Reached XP level 1. HP: 19/19 MP: 0/0
    86 | D:2      | Reached XP level 2. HP: 27/27 MP: 1/1
   289 | D:2      | Reached XP level 3. HP: 32/33 MP: 2/2
   340 | D:4      | Reached XP level 4. HP: 38/41 MP: 3/3
   370 | D:4      | Found a staircase to the Ecumenical Temple.
   391 | Temple   | Entered the Ecumenical Temple
   406 | Temple   | Became a worshipper of Nemelex Xobeh the Trickster
   587 | D:2      | Received a gift from Nemelex Xobeh
   835 | D:1      | Received a gift from Nemelex Xobeh
   861 | D:1      | Reached * piety under Nemelex Xobeh
  1723 | D:2      | Found a glowing golden altar of the Shining One.
  1727 | D:2      | Noticed an angel
  1736 | D:2      | Found a basalt altar of Yredelemnul.
  1738 | D:2      | Noticed a profane servitor
  1945 | D:3      | Reached XP level 5. HP: 47/47 MP: 4/4
  2036 | D:4      | Received a gift from Nemelex Xobeh
  2060 | D:3      | Reached skill level 5 in Armour
  2060 | D:3      | Reached skill level 5 in Shields
  2092 | D:4      | Reached skill level 5 in Fighting
  2107 | D:5      | Entered Level 5 of the Dungeon
  2144 | D:6      | Reached ** piety under Nemelex Xobeh
  2145 | D:6      | Reached XP level 6. HP: 51/56 MP: 5/5
  2263 | D:8      | Received a gift from Nemelex Xobeh
  2281 | D:8      | Found a snail-covered altar of Cheibriados.
  2285 | D:8      | Reached skill level 1 in Invocations
  2328 | D:8      | Noticed a hornet
  2332 | D:8      | Killed a hornet
  2332 | D:8      | Reached skill level 5 in Axes
  2332 | D:8      | Reached XP level 7. HP: 62/62 MP: 5/7
  2371 | D:8      | Noticed Erica
  2380 | D:8      | Killed Erica
  2380 | D:8      | Reached XP level 8. HP: 41/71 MP: 7/9
  2510 | D:8      | Reached skill level 1 in Long Blades
  2533 | D:8      | Found a staircase to the Lair.
  2682 | D:7      | Reached XP level 9. HP: 79/79 MP: 11/11
  2817 | D:7      | Found an ancient bone altar of Kikubaaqudgha.
  3167 | D:4      | Reached *** piety under Nemelex Xobeh
  3282 | D:4      | Found Qiwn's Book Shoppe.
  3596 | D:3      | Received a gift from Nemelex Xobeh
  3962 | D:5      | Received a gift from Nemelex Xobeh
  4098 | D:5      | Found an iron altar of Okawaru.
  4746 | D:6      | Reached **** piety under Nemelex Xobeh
  5061 | D:6      | Reached skill level 5 in Invocations
  5075 | D:6      | Found a deep blue altar of Sif Muna.
  5186 | D:6      | Found a blossoming altar of Fedhas.
  5493 | D:7      | Reached skill level 1 in Throwing
  5498 | D:7      | Received a gift from Nemelex Xobeh
  5777 | Lair:1   | Entered Level 1 of the Lair of Beasts
  5834 | Lair:1   | Noticed an eight-headed hydra
  5836 | Lair:1   | Noticed an emperor scorpion
  5836 | Lair:1   | an eight-headed hydra changed into an emperor scorpion
  5840 | Lair:1   | an emperor scorpion changed into a dream sheep
  5855 | Lair:1   | Noticed a spiny frog
  5862 | Lair:1   | Killed a spiny frog
  5862 | Lair:1   | Reached skill level 5 in Long Blades
  5862 | Lair:1   | Reached XP level 10. HP: 78/90 MP: 9/13
  5887 | Lair:1   | Received a gift from Nemelex Xobeh
  5935 | Lair:1   | Found a gate leading to a gauntlet.
  5955 | Gauntlet | Entered a Gauntlet
  5955 | Gauntlet | Found a transporter.
  5955 | Gauntlet | Found a transporter.
  5955 | Gauntlet | Found a transporter.
  5955 | Gauntlet | Noticed a torpor snail
  6100 | Gauntlet | Found a transporter.
  6104 | Gauntlet | Got a faintly glowing amber ring
  6106 | Gauntlet | Identified the ring of the Many Curses {Wiz Str+4} (You
                  | found it in a Gauntlet)
  6112 | Gauntlet | Noticed a gargoyle
  6115 | Gauntlet | Noticed a catoblepas
  6115 | Gauntlet | Noticed a molten gargoyle
  6115 | Gauntlet | Found a transporter.
  6117 | Gauntlet | Found a transporter.
  6130 | Gauntlet | Received a gift from Nemelex Xobeh
  6133 | Gauntlet | Killed a catoblepas
  6135 | Gauntlet | HP: 3/90 [molten gargoyle/bolt of magma (3)]
  6136 | Gauntlet | Killed from afar by a molten gargoyle

Skill      XL: |  1  2  3  4  5  6  7  8  9 |
---------------+----------------------------+-----
Fighting       | 4 5 6 7 8 |  8.8
Armour         | 4 5 6 7 8 |  8.0
Shields        | 4 5 6 7 8 |  8.9
Axes           | 3 4 5 6 8 |  8.3
Invocations    | 1 3 4 5 |  5.8
Long Blades    | 2 5 |  5.6
Throwing       | 2 |  2.8

Action                   |  1- 3 |  4- 6 |  7- 9 | 10-12 || total
-------------------------+-------+-------+-------+-------++-------
Melee: War axe           |    26 |     1 |       |       ||    27
       Headbutt          |     5 |    19 |    54 |     5 ||    83
       Hand axe          |       |   124 |   243 |     8 ||   375
       Falchion          |       |       |    13 |    10 ||    23
Throw: Tomahawk          |       |     1 |     1 |       ||     2
       Javelin           |       |       |     3 |       ||     3
 Abil: Draw Destruction  |       |     3 |    15 |     6 ||    24
       Draw Escape       |       |       |     1 |     3 ||     4
  Use: Scroll            |     1 |     5 |     8 |       ||    14
       Potion            |       |       |       |     1 ||     1
  Eat: Chunk             |       |     5 |     1 |     1 ||     7
       Ration            |       |       |     3 |       ||     3
Armor: Scale mail        |    17 |    39 |    59 |     9 ||   124
Dodge: Dodged            |    11 |    23 |    38 |    12 ||    84
Block: Shield            |    17 |    78 |   150 |    22 ||   267
       Rpst.: Falchion   |       |       |     1 |     5 ||     6
